 Dungeon Crawl Stone Soup version 0.29-a0-184-g2ef5e920f0 (console) character file.

Game seed: 2613362927913673099

238 Gather the Grave Robber (level 5, -2/36 HPs)
             Began as a Mummy Necromancer on Feb 21, 2022.
             Slain by a two-headed ogre (22 damage)
             ... on level 5 of the Dungeon.
             The game lasted 00:29:44 (4100 turns).

Gather the Grave Robber (Mummy Necromancer)         Turns: 4100, Time: 00:29:45

Health: -2/36      AC:  4    Str: 11    XL:     5   Next: 78%
Magic:  0/12       EV: 12    Int: 22    God:
Gold:   278        SH:  0    Dex: 13    Spells: 3/14 levels left

rFire   . . .      SeeInvis .   m - +2 dagger (venom)
rCold   . . .      Faith    .   (no shield)
rNeg    + + +      Spirit   .   a - +0 robe
rPois   ∞          Reflect  .   k - +1 helmet
rElec   .          Harm     .   (no cloak)
rCorr   .          Rampage  .   (no gloves)
Will    .....                   (no boots)
Stlth   ++........              (no amulet)
HPRegen 0.12/turn               o - +6 ring of intelligence
MPRegen 0.13/turn               x - ring of fire

@: no status effects
A: cold resistance 1, negative energy resistance 3, torment resistance 2, heat
vulnerability 1, no potions
a: no special abilities


You were on level 5 of the Dungeon.
You visited 1 branch of the dungeon, and saw 5 of its levels.

You collected 278 gold pieces.

Inventory:

Hand Weapons
 b - a +0 short sword
 c - a +0 club
 e - a +0 dagger
 j - a +0 rapier
 m - a +2 dagger of venom (weapon)
 u - a +0 mace
Missiles
 f - 116 stones (quivered)
 g - 3 silver boomerangs
Armour
 a - a +0 robe (worn)
 i - a +0 leather armour
 k - a +1 helmet (worn)
 n - a +0 chain mail
Jewellery
 o - a +6 ring of intelligence (left hand)
 x - a ring of fire (right hand)
Scrolls
 d - 2 scrolls of teleportation {unknown}
 h - 2 scrolls of identify {unknown}
 l - a scroll of blinking {unknown}
 p - 3 scrolls of amnesia {unknown}
 q - a scroll of enchant armour {unknown}
 s - a scroll of magic mapping {unknown}
 t - a scroll of vulnerability {unknown}
 v - 3 scrolls of immolation {unknown}
 w - 2 scrolls of fear {unknown}


   Skills:
 + Level 0.8 Fighting
 - Level 1.5 Dodging
 + Level 1.8 Stealth
 + Level 5.2 Spellcasting
 + Level 5.5 Necromancy
 - Level 1.0 Air Magic


You had 3 spell levels left.
You knew the following spells:

 Your Spells              Type           Power      Damage    Failure   Level
a - Pain                  Necr           100%       1d9       1%          1
b - Vampiric Draining     Necr           30%        2d8       3%          3
c - Corpse Rot            Necr/Air       40%        N/A       3%          2
d - Animate Dead          Necr           15%        N/A       10%         4
x - Animate Skeleton      Necr           60%        N/A       1%          1

Your spell library contained the following spells:

 Spells                   Type           Power      Damage    Failure   Level
 Poisonous Vapours        Pois/Air       14%        N/A       12%         2
 Agony                    Necr           30%        N/A       28%         5


Dungeon Overview and Level Annotations

Branches:
Dungeon (5/15)
 Temple: D:4-7

Altars:


Innate Abilities, Weirdness & Mutations

You are immune to poison.
Your flesh is cold resistant. (rC+)
You are immune to negative energy. (rN+++)
You are immune to unholy pain and torment.
You are vulnerable to heat. (rF-)
You do not drink.


Message History

Press: ? - help, Shift-Dir - straight line, f - two-headed ogre
Aim: a two-headed ogre, wielding a +0 dire flail and a +0 giant club You draw life force from the two-headed ogre!
You feel life coursing into your body. The two-headed ogre closely misses you.
The two-headed ogre hits you with a +0 giant club!
Casting: Vampiric Draining (dangerous; 3% risk of failure)
Confirm with . or Enter, or press ? or * to list all spells.
Aiming: Vampiric Draining (dangerous; 3% risk of failure)
Press: ? - help, Shift-Dir - straight line, f/p - two-headed ogre
Aim: a two-headed ogre, wielding a +0 dire flail and a +0 giant club (lightly wounded)
You draw life force from the two-headed ogre!
You feel life coursing into your body!
Casting: Vampiric Draining (dangerous; 3% risk of failure)
Confirm with . or Enter, or press ? or * to list all spells.
Aiming: Vampiric Draining (dangerous; 3% risk of failure)
Press: ? - help, Shift-Dir - straight line, f/p - two-headed ogre
Aim: a two-headed ogre, wielding a +0 dire flail and a +0 giant club (moderately wounded)
You draw life force from the two-headed ogre.
You feel life coursing into your body. The two-headed ogre closely misses you.
The two-headed ogre barely misses you.
You hit the two-headed ogre.
The two-headed ogre is poisoned.
The two-headed ogre is heavily wounded.
The two-headed ogre closely misses you. The two-headed ogre barely misses you.
The two-headed ogre looks more healthy.
You hit the two-headed ogre.
The two-headed ogre is heavily wounded.
The two-headed ogre barely misses you.
The two-headed ogre hits you with a +0 giant club!
Casting: Vampiric Draining (dangerous; 3% risk of failure)
Confirm with . or Enter, or press ? or * to list all spells.
Okay, then.
Casting: Vampiric Draining (dangerous; 3% risk of failure)
Confirm with . or Enter, or press ? or * to list all spells.
Aiming: Vampiric Draining (dangerous; 3% risk of failure)
Press: ? - help, Shift-Dir - straight line, f/p - two-headed ogre
Aim: a two-headed ogre, wielding a +0 dire flail and a +0 giant club (heavily wounded)
You draw life force from the two-headed ogre!
You feel life coursing into your body.
The two-headed ogre hits you with a +0 dire flail!!
Ouch! That really hurt!
You die...

## ### ..
###.###.###
#######..........
.................
######.#.######
#.#O# #.#@#
###.#.# #...#.#
#.###.# #.# #.#
##.###.# #...##.#
#.###.#.# [.[
#...# ### #.###
..##


You could see a two-headed ogre.

Vanquished Creatures
  An orc priest (D:4)
  A gnoll shaman (D:3)
  A jelly (D:3)
  6 adders
  A shadow imp (D:4)
  An ufetubus (D:4)
  2 adder skeletons (D:4)
  A worm (D:2)
  2 dart slugs
  9 endoplasms
  A giant cockroach (D:2)
  9 goblins
  7 hobgoblins
  2 jackals (D:4)
  3 quokkas
  10 ball pythons
  2 bats
  2 frilled lizards (D:2)
  6 kobolds
  2 rats
69 creatures vanquished.

Vanquished Creatures (collateral kills)
  An orc (D:4)
  An endoplasm (D:1)
  A jackal (D:4)
  A kobold (D:1)
4 creatures vanquished.

Grand Total: 73 creatures vanquished

Notes
Turn   | Place    | Note
-------+----------+-------------------------------------------
     0 | D:1      | Gather the Mummy Necromancer began the quest for the Orb.
     0 | D:1      | Reached XP level 1. HP: 13/13 MP: 4/4
    90 | D:1      | Learned a level 1 spell: Animate Skeleton
   155 | D:1      | Reached XP level 2. HP: 19/19 MP: 1/6
   940 | D:2      | Reached XP level 3. HP: 24/24 MP: 5/8
   944 | D:2      | Learned a level 3 spell: Vampiric Draining
  1887 | D:2      | Learned a level 2 spell: Corpse Rot
  1952 | D:3      | Reached XP level 4. HP: 29/30 MP: 5/10
  1957 | D:3      | Learned a level 4 spell: Animate Dead
  2015 | D:3      | Reached skill level 5 in Necromancy
  2112 | D:3      | Reached skill level 1 in Air Magic
  2633 | D:3      | Noticed a phantom
  2949 | D:3      | Reached XP level 5. HP: 31/35 MP: 1/12
  3240 | D:4      | Reached skill level 5 in Spellcasting
  3858 | D:5      | Entered Level 5 of the Dungeon
  3858 | D:5      | Noticed an ogre
  3872 | D:5      | Noticed a two-headed ogre
  4100 | D:5      | Slain by a two-headed ogre

Illustrated notes

Levels and vault maps discovered:
D:1:      mrwooster_arrival_statue, layout_rooms, hangedman_glass_garden,
          minmay_tromino_v7
D:2:      layout_basic
D:3:      layout_rooms, nicolae_concentric_dashed_squares_mild,
          kennysheep_generic_room_3
D:4:      layout_basic
D:5:      layout_loops_ring, temple_green

Skill      XL: |  1  2  3  4  5 |
---------------+----------------+-----
Spellcasting   | 3 4 5 |  5.2
Necromancy     | 5 |  5.5
Air Magic      | 1 |  1.0
Fighting       | |  0.8
Dodging        | |  1.5
Stealth        | |  1.8

Action                   |  1- 3 |  4- 6 || total
-------------------------+-------+-------++-------
Melee: Short sword       |     7 |       ||     7
       Punch             |     1 |     2 ||     3
       Rapier            |     7 |       ||     7
       Dagger            |       |    30 ||    30
       Mace              |       |    40 ||    40
Throw: Dart              |       |     3 ||     3
 Cast: Pain              |    51 |     8 ||    59
       Animate Skeleton  |     4 |     5 ||     9
       Vampiric Draining |     9 |    25 ||    34
       Animate Dead      |       |     2 ||     2
       Corpse Rot        |       |     1 ||     1
 Stab: Sleeping          |       |     4 ||     4
Armor: Robe              |     6 |    19 ||    25
Dodge: Dodged            |    12 |    70 ||    82

Table legend: (Time is in decaauts)
 A = Elapsed time spent in this place.
 B = Non-inter-level travel time spent in this place.
 C = Inter-level travel time spent in this place.
 D = Time resting spent in this place.
 E = Time spent auto-exploring this place.
 F = Levels seen in this place.
 G = Mean time per level.
                   A        B        C        D        E       F      G
               +--------+--------+--------+--------+--------+-----+--------+
         Total |   4112 |   4004 |    108 |     49 |   2953 |   5 |  822.4 |
       Dungeon |   4112 |   4004 |    108 |     49 |   2953 |   5 |  822.4 |
               +--------+--------+--------+--------+--------+-----+--------+

Top non-repeatable levels by time:
     D:3: 1162 daAuts
     D:2: 1039 daAuts
     D:1: 875 daAuts
     D:4: 793 daAuts
     D:5: 241 daAuts
